 Dungeon Crawl Stone Soup version 0.21.1-1-g345015fe64 (webtiles) character file.

315741 RUZZLEFAZAZZLE the Blocker (level 21, -18/250 HPs)
             Began as a Gnoll Fighter on Feb 9, 2018.
             Was the Champion of Okawaru.
             Demolished by a stone giant (22 damage)
             ... on level 5 of the Vaults on Feb 10, 2018.
             The game lasted 04:16:10 (46447 turns).

RUZZLEFAZAZZLE the Blocker (Gnoll Fighter)         Turns: 46447, Time: 04:16:16

Health: -18/250    AC: 35    Str: 34    XL:     21   Next: 38%
Magic:  38/38      EV:  2    Int: 16    God:    Okawaru [******]
Gold:   1369       SH: 33    Dex: 15    Spells: 33/47 levels left

rFire    + . .     SeeInvis .   Z - +9 falchion "Loba" {drain, *Drain rF+ MR+ Int+3}
rCold    + . .     Gourm    .   o - +8 large shield
rNeg     + + +     Faith    .   (armour currently unavailable)
rPois    +         Spirit   .   (helmet currently unavailable)
rElec    +         Reflect  .   (cloak currently unavailable)
rCorr    +         Harm     .   (gloves currently unavailable)
MR       +....     NoTele   +   (boots currently unavailable)
Stlth    +++++++...             W - amulet of the Dozen Lovers {rElec Regen+ Int+2 Slay+3}
HPRegen  0.91/turn              p - ring of the Establishment {*Contam rF- Str+8 Dex-2 Slay+3} (curse)
MPRegen  0.26/turn              S - +5 ring of protection

@: tree-form, resistant (expiring), vulnerable, heroism, finesse
A: distributed training, strong nose
}: 2/15 runes: serpentine, barnacled
a: Heroism, Finesse, Renounce Religion


You were on level 5 of the Vaults.
You worshipped Okawaru.
Okawaru was exalted by your worship.
You were not hungry.
You were a tree.
You visited 9 branches of the dungeon, and saw 39 of its levels.
You also visited: Labyrinth and Volcano.

You collected 3969 gold pieces.
You spent 2600 gold pieces at shops.

Inventory:

Hand Weapons
 O - a +5 longbow of freezing
 Z - the +9 falchion "Loba" (weapon) {drain, *Drain rF+ MR+ Int+3}
   (Okawaru gifted it to you on level 5 of the Lair of Beasts)

   A truly terrible weapon, it drains the life of those it strikes.
   It affects your intelligence (+3).
   It protects you from fire.
   It affects your resistance to hostile enchantments.
   It causes draining when unequipped.
Missiles
 t - 3 tomahawks of returning (quivered)
 x - 41 javelins
 y - 3 poisoned tomahawks
 D - 5 javelins of returning
 G - 44 tomahawks
 R - 20 poisoned javelins
 Y - 2 silver javelins
Armour
 k - a +2 cloak (melded)
 o - a +8 large shield (worn)
 v - a +1 helmet (melded)
 J - the +1 pair of gloves of Duces (melded) {rCorr Str+3 Stlth-}
   (You found it on level 11 of the Dungeon)

   It affects your strength (+3).
   It protects you from acid and corrosion.
   It makes you less stealthy.
 N - the +2 crystal plate armour of Okawaru's Whim (melded) {MR+ MP+9}
   (Okawaru gifted it to you on level 11 of the Dungeon)

   It affects your resistance to hostile enchantments.
   It affects your magic capacity (+9).
 P - the +0 pair of boots "Ywyrujoj" (melded) {Int+3}
   (Okawaru gifted it to you on level 1 of the Vaults)

   It affects your intelligence (+3).
Jewellery
 a - an uncursed ring of positive energy
 p - the cursed ring of the Establishment (left branch) {*Contam rF- Str+8 Dex-2 Slay+3}
   (You found it on level 1 of the Shoals)

   [ring of dexterity]

   It affects your strength (+8).
   It affects your dexterity (-2).
   It affects your accuracy and damage with ranged weapons and melee attacks
   (+3).
   It makes you vulnerable to fire.
   It causes magical contamination when unequipped.
   It has a curse placed upon it.
 S - a +5 ring of protection (right branch)
 W - the amulet of the Dozen Lovers (around neck) {rElec Regen+ Int+2 Slay+3}
   (You found it on level 2 of the Orcish Mines)

   [amulet of regeneration]

   It affects your intelligence (+2).
   It affects your accuracy and damage with ranged weapons and melee attacks
   (+3).
   It insulates you from electricity.
   It increases your rate of regeneration.
Wands
 c - a wand of enslavement (37)
 i - a wand of paralysis (22)
 r - a wand of flame (29)
 A - a wand of scattershot (3)
 K - a wand of acid (21)
 L - a wand of polymorph (12)
 Q - a wand of digging (6)
 T - a wand of disintegration (45)
 V - a wand of random effects (53)
Scrolls
 d - 7 scrolls of immolation
 e - 14 scrolls of teleportation
 l - 14 scrolls of remove curse
 m - 2 scrolls of summoning
 n - 3 scrolls of blinking
 q - a scroll of silence
 s - 4 scrolls of fear
 B - 3 scrolls of holy word
 H - 5 scrolls of fog
 M - 4 scrolls of magic mapping
 X - 11 scrolls of identify
Potions
 b - 4 potions of curing
 g - 6 potions of resistance
 h - 6 potions of cancellation
 j - a potion of might
 u - 2 potions of brilliance
 w - 3 potions of lignification
 z - 2 potions of flight
 C - 6 potions of haste
 E - 2 potions of ambrosia
 F - 2 potions of heal wounds
Comestibles
 f - 35 rations
 I - 6 chunks of flesh


   Skills:
 + Level 14.9(19.9) Fighting
 + Level 13.7(18.7) Short Blades
 + Level 13.7(18.7) Long Blades
 + Level 14.3(19.3) Axes
 + Level 13.7(18.7) Maces & Flails
 + Level 13.7(18.7) Polearms
 + Level 13.7(18.7) Staves
 + Level 13.7(18.7) Slings
 + Level 13.7(18.7) Bows
 + Level 13.7(18.7) Crossbows
 + Level 13.7(18.7) Throwing
 + Level 14.9(19.9) Armour
 + Level 13.7(18.7) Dodging
 + Level 13.7(18.7) Stealth
 + Level 14.9(19.9) Shields
 + Level 13.7(18.7) Unarmed Combat
 + Level 13.7 Spellcasting
 + Level 11.8 Conjurations
 + Level 11.8 Hexes
 + Level 11.8 Charms
 + Level 11.8 Summonings
 + Level 11.8 Necromancy
 + Level 11.8 Translocations
 + Level 11.8 Transmutations
 + Level 11.8 Fire Magic
 + Level 11.8 Ice Magic
 + Level 11.8 Air Magic
 + Level 11.8 Earth Magic
 + Level 11.8 Poison Magic
 + Level 14.8 Invocations
 + Level 13.7 Evocations


You had 33 spell levels left.
You knew the following spells:

 Your Spells              Type           Power        Failure   Level  Hunger
a - Searing Ray           Conj           #####.       1%          2    None
b - Flame Tongue          Conj/Fire      #####        1%          1    None
c - Throw Flame           Conj/Fire      #####.       1%          2    None
d - Blink                 Tloc           N/A          1%          2    None
e - Dazzling Spray        Conj/Hex       #####.       1%          3    None
f - Mephitic Cloud        Conj/Pois/Air  #####...     1%          3    None
g - Animate Skeleton      Necr           N/A          1%          1    None


Dungeon Overview and Level Annotations

Branches:
Dungeon (15/15)            Temple (1/1) D:4            Lair (6/6) D:10
 Shoals (4/4) Lair:2        Snake (4/4) Lair:4        Slime (1/5) Lair:5
    Orc (2/2) D:12            Elf (0/3) Orc:2        Vaults (5/5) D:13
  Crypt (1/3) Vaults:2     Depths (0/5) D:15

Altars:
Ashenzari
Cheibriados
Dithmenos
Elyvilon
Fedhas
Gozag
Hepliaklqana
Kikubaaqudgha
Makhleb
Nemelex Xobeh
Okawaru
Qazlal
Ru
Sif Muna
Trog
Uskayaw
Vehumet
Wu Jian
Xom
Yredelemnul
Zin
The Shining One
Beogh

Shops:
D:4 *   D:5 !   D:6 (   D:11 *   Orc:1 ?   Orc:2 [%   Shoals:2 ::   Snake:3 [[
Snake:4 ?**:   Vaults:1 :   Vaults:4 (

Portals:
Trove: D:10 (give +5 demon whip)

Annotations:
Vaults:5 Jory


Innate Abilities, Weirdness & Mutations

Your experience applies equally to all skills.
((You have very sharp teeth.))
Your uncanny sense of smell can sniff out nearby items.


Message History

You block Jory's attack. x2
The deep elf mage gestures wildly while chanting.
The deep elf mage blinks!
Your shield prevents you from hitting Jory.
Jory is moderately damaged.
You block the deep elf high priest's attack.
The stone giant hits you but does no damage.
You hit Jory.
Jory is moderately damaged.
You block the phantasmal warrior's attack.
A flayed ghost comes into view.
You barely miss Jory.
Jory is moderately damaged.
You hit Jory.
Jory is moderately damaged.
Jory gestures at you while chanting. The crystal spear hits you!
* * * LOW HITPOINT WARNING * * *
The stone giant hits you!!
You die...

#... #... #..#
#∆...#..#
#...%#..#
#....#..#∆
#....#e.#∆∆ .
#...∆#♣W#∆∆∆ ..
#..∆∆#VC######
...#..∆p#WY..%...
....Opp)C(%%.....
##.∆.p%)ep#######
..∆..a<%%).....
...%<%%<%)W....∆∆
.....<<.%)......
......%.........


You could see Jory, a stone giant, a vault guard, an elephant, an ettin, a
flayed ghost, a deep elf high priest, a phantasmal warrior, a deep elf mage and
a wraith.

Vanquished Creatures
  An ancient lich (Vaults:5)
  Saint Roka (Vaults:4)
  Rupert (Lair:4)
  Asterion (Vaults:1)
  A kraken (Shoals:3)
  Gastronok (Lair:3)
  3 sphinxes
  Ilsuiw (Shoals:4)
  A tengu reaver (Vaults:4)
  8 nagarajas
  Louise (Shoals:1)
  4 vault wardens
  An orc warlord (Orc:2)
  Aizul (Snake:3)
  The ghost of Gin the Geomancer, a journeyman DsEE of Hepliaklqana (D:15)
  7 ironheart preservers
  A war gargoyle (Vaults:5)
  6 stone giants
  3 very ugly things (Vaults:4)
  5 entropy weavers
  Nessos (D:14)
  4 dire elephants (Lair:6)
  Snorg (D:14)
  2 ettins
  An eidolon (Vaults:2)
  5 merfolk javelineers (Shoals:4)
  A minotaur (Lab)
  11 merfolk impalers
  2 fire dragons
  2 deep elf death magi
  2 green deaths (Snake:2)
  The ghost of Noxor the Thaumaturge, a journeyman VSEn of Hepliaklqana (D:14)
  5 yaktaur captains
  2 great orbs of eyes
  4 ice dragons
  A deep elf high priest (Vaults:4)
  27 vault guards
  5 hydras
  17 naga warriors
  An alligator snapping turtle (Shoals:2)
  2 merfolk avatars (Shoals:4)
  A death knight (D:13)
  6 centaur warriors
  A satyr (Shoals:3)
  9 anacondas
  A catoblepas (D:14)
  2 dancing weapons (D:13)
  4 merfolk aquamancers
  16 two-headed ogres
  A deep troll shaman (Vaults:2)
  6 ogre magi
  A vampire mage (Vaults:2)
  11 naga sharpshooters
  2 shock serpents
  Nergalle (D:12)
  2 deep elf knights (Vaults:3)
  7 sea snakes
  A glowing orange brain (Vaults:2)
  3 salamander mystics
  A storm dragon skeleton (Vaults:1)
  15 naga ritualists
  A kraken simulacrum (Shoals:4)
  18 skeletal warriors
  An anaconda skeleton (Volcano)
  Pikel (D:6)
  10 deep trolls
  A wizard (Vaults:3)
  3 necromancers
  A lindwurm (Lair:3)
  19 harpies
  2 phantasmal warriors
  15 orc knights
  4 deep elf archers
  9 ironbrand convokers
  6 deep elf magi
  An oklob plant (Lair:6)
  7 mana vipers
  5 orc sorcerers
  3 salamanders
  11 manticores
  31 ugly things
  11 fauns
  11 cyclopes
  2 wolf spiders
  18 elephants
  An elephant (shapeshifter) (Vaults:3)
  6 merfolk sirens
  36 black mambas
  7 water nymphs
  12 gargoyles
  2 guardian serpents (Snake:4)
  8 vault sentinels
  A black mamba (shapeshifter) (Vaults:2)
  23 naga magi
  3 centaur skeletons
  8 spiny frogs
  28 yaktaurs
  3 kobold demonologists
  5 rime drakes
  8 freezing wraiths
  6 komodo dragons
  32 merfolk
  5 trolls
  4 hornets
  A troll (shapeshifter) (Vaults:4)
  5 wind drakes
  Grinder (D:3)
  2 harpy skeletons (Volcano)
  A meliai zombie (D:14)
  8 slime creatures
  6 snapping turtles
  Prince Ribbit (D:8)
  13 hippogriffs
  13 blink frogs
  9 dream sheep
  12 redbacks
  3 alligator skeletons (Volcano)
  A tarantella (shapeshifter) (Vaults:2)
  5 wraiths
  3 flying skulls (Volcano)
  A yak (shapeshifter) (Vaults:4)
  7 wyverns
  11 water elementals
  2 shadows (Lab)
  2 vampires
  9 basilisks
  34 yaks
  2 hungry ghosts
  The ghost of flt the Skirmisher, an amateur DsMo (D:3)
  5 wargs
  Menkaure (D:6)
  An acid dragon (D:15)
  48 nagas
  A soldier ant (D:15)
  7 porcupines
  13 water moccasins
  3 ice beasts
  An ogre skeleton (Vaults:1)
  44 orc warriors
  2 slaves (D:6)
  5 black bears
  7 sky beasts
  6 phantoms
  3 wolves (Lair:4)
  31 ogres
  19 centaurs
  15 crocodiles
  7 big kobolds
  An elf zombie (D:10)
  14 bullfrogs
  A gnoll sergeant (D:9)
  A human skeleton (Vaults:1)
  A water moccasin zombie (D:8)
  A wyvern skeleton (D:15)
  2 wyvern zombies (D:13)
  5 scorpions
  A water moccasin skeleton (D:10)
  11 killer bees
  A spriggan skeleton (Lab)
  2 wights (D:10)
  10 howler monkeys
  4 troll skeletons
  6 electric eels
  5 crimson imps
  A centaur zombie (D:11)
  10 hounds
  A quasit (D:8)
  27 orc wizards
  A gnoll shaman (D:4)
  12 jellies
  5 human zombies (D:10)
  25 orc priests
  4 iguanas
  10 worker ants
  2 polar bear simulacra (Lair:5)
  5 yak simulacra (Lair:5)
  A killer bee zombie (D:6)
  2 wolf simulacra (Lair:5)
  2 naga skeletons (Volcano)
  A hound skeleton (D:9)
  3 mummies (D:10)
  A howler monkey zombie (D:8)
  Robin (D:3)
  9 gnolls
  14 adders
  2 shadow imps
  16 oozes
  An adder skeleton (D:7)
  3 worms
  5 dart slugs
  6 leopard geckos
  117 orcs
  3 ball pythons
  10 bats
  2 giant cockroaches (D:2)
  10 goblins
  8 hobgoblins
  13 jackals
  4 quokkas
  2 frilled lizards
  A jackal skeleton (D:4)
  12 kobolds
  A leopard gecko zombie (D:5)
  An orc zombie (D:10)
  2 quokka skeletons
  2 rats
  2 river rat simulacra (Lair:5)
  A bush (Lair:4)
  8 fungi
  4 plants (Lair:6)
  3 tentacles (Shoals:3)
1440 creatures vanquished.

Vanquished Creatures (collateral kills)
  An ironheart preserver (Vaults:3)
  A stone giant (Vaults:4)
  A hippogriff (D:13)
3 creatures vanquished.

Vanquished Creatures (others)
  A merfolk (Shoals:2)
  A slave (D:6)
  An orc priest (D:6)
  A bullfrog skeleton (D:6)
  18 fungi
  6 plants
  19 tentacles
47 creatures vanquished.

Grand Total: 1490 creatures vanquished

Notes
Turn   | Place    | Note
-------+----------+-------------------------------------------
     0 | D:1      | RUZZLEFAZAZZLE the Gnoll Fighter began the quest for the Orb.
     0 | D:1      | Reached XP level 1. HP: 23/23 MP: 1/1
    71 | D:1      | Reached XP level 2. HP: 28/29 MP: 2/2
   348 | D:1      | Reached XP level 3. HP: 34/35 MP: 3/3
   722 | D:2      | Found a faded altar of an unknown god.
   748 | D:2      | Reached skill level 1 in Invocations
  1108 | D:2      | Reached skill level 1 in Short Blades
  1108 | D:2      | Reached skill level 1 in Long Blades
  1108 | D:2      | Reached skill level 1 in Maces & Flails
  1108 | D:2      | Reached skill level 1 in Polearms
  1108 | D:2      | Reached skill level 1 in Staves
  1108 | D:2      | Reached skill level 1 in Slings
  1108 | D:2      | Reached skill level 1 in Bows
  1108 | D:2      | Reached skill level 1 in Crossbows
  1108 | D:2      | Reached skill level 1 in Throwing
  1108 | D:2      | Reached skill level 1 in Dodging
  1108 | D:2      | Reached skill level 1 in Stealth
  1108 | D:2      | Reached skill level 1 in Unarmed Combat
  1108 | D:2      | Reached skill level 1 in Spellcasting
  1108 | D:2      | Reached skill level 1 in Evocations
  1108 | D:2      | Reached XP level 4. HP: 38/41 MP: 5/5
  1277 | D:3      | Noticed a bullfrog
  1283 | D:3      | Killed a bullfrog
  1283 | D:3      | Reached skill level 1 in Conjurations
  1283 | D:3      | Reached skill level 1 in Hexes
  1283 | D:3      | Reached skill level 1 in Charms
  1283 | D:3      | Reached skill level 1 in Summonings
  1283 | D:3      | Reached skill level 1 in Necromancy
  1283 | D:3      | Reached skill level 1 in Translocations
  1283 | D:3      | Reached skill level 1 in Transmutations
  1283 | D:3      | Reached skill level 1 in Fire Magic
  1283 | D:3      | Reached skill level 1 in Ice Magic
  1283 | D:3      | Reached skill level 1 in Air Magic
  1283 | D:3      | Reached skill level 1 in Earth Magic
  1283 | D:3      | Reached skill level 1 in Poison Magic
  1283 | D:3      | Reached XP level 5. HP: 44/47 MP: 6/6
  1319 | D:3      | Found a snail-covered altar of Cheibriados.
  1374 | D:3      | Noticed flt's ghost (amateur DsMo)
  1389 | D:3      | Killed flt's ghost
  1389 | D:3      | Reached XP level 6. HP: 40/53 MP: 6/8
  1465 | D:3      | Noticed Robin
  1471 | D:3      | Killed Robin
  1559 | D:3      | Noticed Grinder
  1577 | D:3      | Killed Grinder
  1577 | D:3      | Reached skill level 5 in Axes
  1577 | D:3      | Reached XP level 7. HP: 44/59 MP: 8/10
  2037 | D:4      | Found Gozag's Platinum Reserve.
  2181 | D:4      | Reached XP level 8. HP: 59/67 MP: 12/12
  2213 | D:4      | Found an opulent altar of Gozag.
  2519 | D:4      | Found a burning altar of Makhleb.
  2568 | D:4      | Found a burning altar of Makhleb.
  2568 | D:4      | Found a bloodstained altar of Trog.
  2569 | D:4      | Found a glowing silver altar of Zin.
  2569 | D:4      | Found an opulent altar of Gozag.
  2570 | D:4      | Found a shattered altar of Ashenzari.
  2570 | D:4      | Found a glowing silver altar of Zin.
  2572 | D:4      | Found a glowing silver altar of Zin.
  2572 | D:4      | Found a stormy altar of Qazlal.
  2573 | D:4      | Found an iron altar of Okawaru.
  2573 | D:4      | Found a hazy altar of Hepliaklqana.
  2574 | D:4      | Found an opulent altar of Gozag.
  2574 | D:4      | Found a hide-covered altar of Uskayaw.
  2583 | D:4      | Found a staircase to the Ecumenical Temple.
  2588 | Temple   | Entered the Ecumenical Temple
  2653 | D:4      | Became a worshipper of Warmaster Okawaru
  2806 | D:5      | Entered Level 5 of the Dungeon
  2979 | D:5      | Found a bloodstained altar of Trog.
  3081 | D:5      | Found Vallass's Distillery.
  3085 | D:5      | Bought a potion of berserk rage for 60 gold pieces
  3085 | D:5      | Bought a potion of heal wounds for 60 gold pieces
  3085 | D:5      | Bought a potion of heal wounds for 60 gold pieces
  3380 | D:5      | Found a hide-covered altar of Uskayaw.
  3690 | D:6      | Noticed Pikel
  3710 | D:6      | Killed Pikel
  3710 | D:6      | Reached * piety under Okawaru
  3710 | D:6      | Reached XP level 9. HP: 18/73 MP: 14/14
  3714 | D:6      | Found a shimmering altar of Xom.
  3979 | D:6      | Got a slimy mace
  3985 | D:6      | Found Ruixta Locs's Weapon Shop.
  4036 | D:6      | Noticed Menkaure
  4050 | D:6      | Killed Menkaure
  4050 | D:6      | Reached ** piety under Okawaru
  4283 | D:6      | Found a glowing golden altar of the Shining One.
  4440 | D:6      | Found a white marble altar of Elyvilon.
  4441 | D:6      | Found an ornate altar of the Wu Jian Council.
  4974 | D:7      | Reached skill level 5 in Invocations
  5335 | D:7      | Reached XP level 10. HP: 74/80 MP: 14/17
  5583 | D:7      | Reached *** piety under Okawaru
  6000 | D:8      | Reached skill level 5 in Short Blades
  6000 | D:8      | Reached skill level 5 in Long Blades
  6000 | D:8      | Reached skill level 5 in Maces & Flails
  6000 | D:8      | Reached skill level 5 in Polearms
  6000 | D:8      | Reached skill level 5 in Staves
  6000 | D:8      | Reached skill level 5 in Slings
  6000 | D:8      | Reached skill level 5 in Bows
  6000 | D:8      | Reached skill level 5 in Crossbows
  6000 | D:8      | Reached skill level 5 in Throwing
  6000 | D:8      | Reached skill level 5 in Dodging
  6000 | D:8      | Reached skill level 5 in Stealth
  6000 | D:8      | Reached skill level 5 in Unarmed Combat
  6000 | D:8      | Reached skill level 5 in Spellcasting
  6000 | D:8      | Reached skill level 5 in Evocations
  6133 | D:8      | Found a deep blue altar of Sif Muna.
  6313 | D:8      | Noticed Prince Ribbit
  6336 | D:8      | Killed Prince Ribbit
  6731 | D:9      | Reached **** piety under Okawaru
  6995 | D:9      | Received a gift from Okawaru
  7240 | D:9      | Found an iron altar of Okawaru.
  7949 | D:10     | Entered Level 10 of the Dungeon
  8010 | D:10     | Received a gift from Okawaru
  8443 | D:10     | Reached XP level 11. HP: 50/87 MP: 19/19
  8516 | D:10     | Noticed a cyclops
  8520 | D:10     | Killed a cyclops
  8872 | D:10     | Found a portal to a secret trove of treasure.
  9053 | D:10     | Found a basalt altar of Yredelemnul.
  9159 | D:10     | Found a staircase to the Lair.
  9267 | D:10     | Reached skill level 5 in Conjurations
  9267 | D:10     | Reached skill level 5 in Hexes
  9267 | D:10     | Reached skill level 5 in Charms
  9267 | D:10     | Reached skill level 5 in Summonings
  9267 | D:10     | Reached skill level 5 in Necromancy
  9267 | D:10     | Reached skill level 5 in Translocations
  9267 | D:10     | Reached skill level 5 in Transmutations
  9267 | D:10     | Reached skill level 5 in Fire Magic
  9267 | D:10     | Reached skill level 5 in Ice Magic
  9267 | D:10     | Reached skill level 5 in Air Magic
  9267 | D:10     | Reached skill level 5 in Earth Magic
  9267 | D:10     | Reached skill level 5 in Poison Magic
  9274 | D:10     | Reached ***** piety under Okawaru
  9314 | D:10     | Noticed a two-headed hydra
  9325 | D:10     | Killed a two-headed hydra
  9445 | Lair:1   | Entered Level 1 of the Lair of Beasts
  9780 | D:11     | Received a gift from Okawaru
 10041 | D:11     | Found Hawouw's General Store.
 10384 | D:11     | Got a pair of warped gloves
 10395 | D:11     | Identified the +1 pair of gloves of Duces {rCorr Str+3 Stlth-} (You found it on level 11 of the Dungeon)
 10459 | D:11     | Noticed a manticore
 10480 | D:11     | Killed a manticore
 10480 | D:11     | Received a gift from Okawaru
 10481 | D:11     | Got a scorched crystal plate armour {god gift}
 10555 | D:11     | Identified the +2 crystal plate armour of Okawaru's Whim {MR+ MP+9} (Okawaru gifted it to you on level 11 of the Dungeon)
 11973 | D:12     | Noticed a skeletal warrior
 11980 | D:12     | Noticed a skeletal warrior
 12104 | D:12     | Killed a skeletal warrior
 12104 | D:12     | Reached XP level 12. HP: 96/96 MP: 22/22
 12563 | D:12     | Noticed a soul eater
 12862 | D:12     | Received a gift from Okawaru
 13237 | D:12     | Received a gift from Okawaru
 13408 | D:12     | Noticed Nergalle
 13428 | D:12     | Killed Nergalle
 13481 | D:12     | Reached skill level 10 in Fighting
 13481 | D:12     | Reached skill level 10 in Armour
 13481 | D:12     | Reached skill level 10 in Shields
 13594 | D:12     | Found a staircase to the Orcish Mines.
 13601 | D:12     | Noticed a two-headed ogre
 13617 | D:12     | Killed a two-headed ogre
 13617 | D:12     | Received a gift from Okawaru
 13638 | D:12     | Received a gift from Okawaru
 14441 | Orc:1    | Entered Level 1 of the Orcish Mines
 14538 | Orc:1    | Reached XP level 13. HP: 101/103 MP: 24/24
 14712 | Orc:2    | Entered Level 2 of the Orcish Mines
 15619 | Orc:2    | Found a roughly hewn altar of Beogh.
 15619 | Orc:2    | Noticed an orc warlord
 15646 | Orc:2    | Killed an orc warlord
 15692 | Orc:2    | Received a gift from Okawaru
 15716 | Orc:2    | Got shimmering acid dragon scales {god gift}
 15876 | Orc:2    | Identified the +1 acid dragon scales "Yxeonuaq" {rCorr Str+3 Dex+4 Slay-4 SInv} (Okawaru gifted it to you on level 2 of the Orcish Mines)
 15926 | Orc:2    | Found Uheu's Food Boutique.
 16102 | Orc:2    | Found Biumius's Antique Armour Shop.
 16609 | Orc:2    | Found a staircase to the Elven Halls.
 16687 | Orc:2    | Got a smoking bronze amulet
 16744 | Orc:1    | Found Qife Zea's Magic Scroll Shop.
 16750 | Orc:1    | Bought a scroll of identify for 30 gold pieces
 16750 | Orc:1    | Bought a scroll of identify for 30 gold pieces
 16750 | Orc:1    | Bought a scroll of identify for 30 gold pieces
 16750 | Orc:1    | Bought a scroll of identify for 30 gold pieces
 16750 | Orc:1    | Bought a scroll of identify for 30 gold pieces
 16750 | Orc:1    | Bought a scroll of identify for 30 gold pieces
 16752 | Orc:1    | Identified the amulet of the Dozen Lovers {rElec Regen+ Int+2 Slay+3} (You found it on level 2 of the Orcish Mines)
 18204 | Lair:2   | Reached XP level 14. HP: 80/111 MP: 26/26
 18441 | Lair:2   | Found a staircase to the Shoals.
 18926 | Lair:3   | Found a labyrinth entrance.
 18937 | Lab      | Entered a labyrinth
 19075 | Lab      | Reached skill level 10 in Axes
 19981 | Lab      | Received a gift from Okawaru
 19992 | Lab      | Got a brightly glowing cloak
 20011 | Lab      | Identified the cursed +0 cloak of Recklessness {Int+4} (You found it in a labyrinth)
 20577 | Lair:3   | Noticed Gastronok
 20597 | Lair:3   | Killed Gastronok
 21175 | Lair:4   | Found a staircase to the Snake Pit.
 21190 | Lair:4   | Noticed Rupert
 21200 | Lair:4   | Killed Rupert
 21200 | Lair:4   | Reached skill level 10 in Invocations
 22123 | Lair:5   | Found a staircase to the Slime Pits.
 22164 | Lair:5   | Received a gift from Okawaru
 22195 | Slime:1  | Entered Level 1 of the Pits of Slime
 22398 | Lair:5   | Received a gift from Okawaru
 22411 | Lair:5   | Received a gift from Okawaru
 22470 | Lair:5   | Received a gift from Okawaru
 22470 | Lair:5   | Reached XP level 15. HP: 119/119 MP: 28/28
 22471 | Lair:5   | Got an iridescent falchion {god gift}
 22508 | Lair:5   | Identified the +9 falchion "Loba" {drain, *Drain rF+ MR+ Int+3} (Okawaru gifted it to you on level 5 of the Lair of Beasts)
 23193 | Lair:6   | Entered Level 6 of the Lair of Beasts
 23427 | Lair:6   | Found a dark tunnel.
 23490 | Volcano  | Entered a volcano
 24112 | Lair:6   | Received a gift from Okawaru
 24908 | Lair:6   | Received a gift from Okawaru
 25238 | Lair:6   | Reached skill level 10 in Short Blades
 25238 | Lair:6   | Reached skill level 10 in Long Blades
 25238 | Lair:6   | Reached skill level 10 in Maces & Flails
 25238 | Lair:6   | Reached skill level 10 in Polearms
 25238 | Lair:6   | Reached skill level 10 in Staves
 25238 | Lair:6   | Reached skill level 10 in Slings
 25238 | Lair:6   | Reached skill level 10 in Bows
 25238 | Lair:6   | Reached skill level 10 in Crossbows
 25238 | Lair:6   | Reached skill level 10 in Throwing
 25238 | Lair:6   | Reached skill level 10 in Dodging
 25238 | Lair:6   | Reached skill level 10 in Stealth
 25238 | Lair:6   | Reached skill level 10 in Unarmed Combat
 25238 | Lair:6   | Reached skill level 10 in Spellcasting
 25238 | Lair:6   | Reached skill level 10 in Evocations
 25643 | Snake:1  | Entered Level 1 of the Snake Pit
 26457 | Snake:1  | Reached XP level 16. HP: 117/127 MP: 30/30
 27043 | Snake:1  | Received a gift from Okawaru
 27718 | Snake:2  | Found a runed door.
 28359 | Snake:3  | Noticed a nagaraja
 28367 | Snake:3  | Killed a nagaraja
 28375 | Snake:3  | Found Cotai's Antique Armour Shop.
 28380 | Snake:3  | Found Beschull's Armour Boutique.
 28408 | Snake:3  | Bought a runed plate armour for 1092 gold pieces
 28440 | Snake:3  | Bought a runed plate armour for 1092 gold pieces
 28889 | Snake:3  | Noticed Aizul
 28902 | Snake:3  | Killed Aizul
 29042 | Snake:4  | Entered Level 4 of the Snake Pit
 29042 | Snake:4  | Found Qetill's Magic Scroll Shoppe.
 29046 | Snake:4  | Bought a scroll of magic mapping for 56 gold pieces
 29179 | Snake:4  | Received a gift from Okawaru
 29303 | Snake:4  | Found Romaat's Assorted Antiques.
 29367 | Snake:4  | Received a gift from Okawaru
 29379 | Snake:4  | Reached XP level 17. HP: 134/135 MP: 32/32
 29611 | Snake:4  | Received a gift from Okawaru
 30330 | Snake:4  | Received a gift from Okawaru
 30447 | Snake:4  | Found Nyntonyo's General Store.
 30470 | Snake:4  | Found Ipyjacwa's Book Emporium.
 31133 | Snake:4  | Received a gift from Okawaru
 31442 | Snake:4  | Got a serpentine rune of Zot
 31719 | D:12     | Learned a level 2 spell: Searing Ray
 31721 | D:12     | Learned a level 1 spell: Flame Tongue
 31724 | D:12     | Learned a level 2 spell: Throw Flame
 31729 | D:12     | Learned a level 2 spell: Blink
 31733 | D:12     | Learned a level 3 spell: Dazzling Spray
 31866 | Shoals:1 | Entered Level 1 of the Shoals
 31892 | Lair:2   | Reached ****** piety under Okawaru
 32028 | Shoals:1 | Received a gift from Okawaru
 32148 | Shoals:1 | Noticed Louise
 32179 | Shoals:1 | Killed Louise
 32204 | Shoals:1 | Got a shimmering amber ring
 32226 | Shoals:1 | Identified the cursed ring of the Establishment {*Contam rF- Str+8 Dex-2 Slay+3} (You found it on level 1 of the Shoals)
 32679 | Shoals:2 | Received a gift from Okawaru
 32743 | Shoals:2 | Found Dupoany's Book Boutique.
 32911 | Shoals:2 | Reached skill level 10 in Conjurations
 32911 | Shoals:2 | Reached skill level 10 in Hexes
 32911 | Shoals:2 | Reached skill level 10 in Charms
 32911 | Shoals:2 | Reached skill level 10 in Summonings
 32911 | Shoals:2 | Reached skill level 10 in Necromancy
 32911 | Shoals:2 | Reached skill level 10 in Translocations
 32911 | Shoals:2 | Reached skill level 10 in Transmutations
 32911 | Shoals:2 | Reached skill level 10 in Fire Magic
 32911 | Shoals:2 | Reached skill level 10 in Ice Magic
 32911 | Shoals:2 | Reached skill level 10 in Air Magic
 32911 | Shoals:2 | Reached skill level 10 in Earth Magic
 32911 | Shoals:2 | Reached skill level 10 in Poison Magic
 32923 | Shoals:2 | Received a gift from Okawaru
 33063 | Shoals:2 | Found Cyschepp's Book Shoppe.
 33291 | Shoals:3 | Reached XP level 18. HP: 143/143 MP: 33/33
 34457 | Shoals:3 | Received a gift from Okawaru
 34458 | Shoals:3 | Got a pitted chain mail {god gift}
 34494 | Shoals:2 | Identified the +2 chain mail of Bitterness {rN+ MR+ Str+2 Stlth+} (Okawaru gifted it to you on level 3 of the Shoals)
 34516 | Shoals:4 | Entered Level 4 of the Shoals
 34910 | Shoals:4 | HP: 2/143 [snapping turtle (13)]
 35314 | Shoals:4 | Noticed Ilsuiw
 35383 | Shoals:4 | Killed Ilsuiw
 35573 | Shoals:4 | Got a spiked helmet
 35584 | Shoals:4 | Identified the +0 helmet "Siell" {Int+4} (You found it on level 4 of the Shoals)
 36165 | Shoals:4 | Got a barnacled rune of Zot
 36603 | D:12     | Learned a level 3 spell: Mephitic Cloud
 36746 | D:12     | Learned a level 1 spell: Animate Skeleton
 36995 | D:13     | Found a gate to the Vaults.
 37153 | D:13     | Received a gift from Okawaru
 37751 | D:14     | Noticed Nessos
 37761 | D:14     | Noticed Noxor's ghost (journeyman VSEn)
 37772 | D:14     | Killed Noxor's ghost
 37773 | D:14     | Killed Nessos
 38011 | D:14     | Noticed Snorg
 38023 | D:14     | Killed Snorg
 38094 | D:14     | Reached XP level 19. HP: 145/151 MP: 35/35
 38252 | D:14     | Found a snail-covered altar of Cheibriados.
 38721 | D:15     | Entered Level 15 of the Dungeon
 38742 | D:15     | Received a gift from Okawaru
 38894 | D:15     | Found a staircase to the Depths.
 39258 | D:15     | Received a gift from Okawaru
 39295 | D:15     | Noticed Gin's ghost (journeyman DsEE)
 39314 | D:15     | Killed Gin's ghost
 39587 | Vaults:1 | Entered Level 1 of the Vaults
 39684 | Vaults:1 | Found Beuptahaat's Book Emporium.
 39910 | Vaults:1 | Identified the Tome of Transformation
 40026 | Vaults:1 | Received a gift from Okawaru
 40254 | Vaults:1 | Received a gift from Okawaru
 40264 | Vaults:1 | Got a pair of brightly glowing boots {god gift}
 40462 | Vaults:1 | Identified the +0 pair of boots "Ywyrujoj" {Int+3} (Okawaru gifted it to you on level 1 of the Vaults)
 40779 | Vaults:1 | Noticed Asterion
 40804 | Vaults:1 | Killed Asterion
 41496 | Vaults:2 | Found a staircase to the Crypt.
 42574 | Vaults:3 | Reached XP level 20. HP: 159/159 MP: 36/36
 42693 | Vaults:3 | Received a gift from Okawaru
 42732 | Vaults:3 | Received a gift from Okawaru
 43081 | Crypt:1  | Entered Level 1 of the Crypt
 44099 | Vaults:4 | Received a gift from Okawaru
 44802 | Vaults:4 | Received a gift from Okawaru
 44863 | Vaults:4 | Found Suge's Antique Weapon Emporium.
 44906 | Vaults:4 | Received a gift from Okawaru
 45077 | Vaults:4 | Received a gift from Okawaru
 45185 | Vaults:4 | Noticed Saint Roka
 45213 | Vaults:4 | Killed Saint Roka
 45479 | Vaults:4 | Received a gift from Okawaru
 45512 | Vaults:4 | Got a brightly glowing great sword
 45972 | D:12     | Identified the +5 great sword of Faras {slice, -Tele rC+ rN+ MP+9} (You found it on level 4 of the Vaults)
 46237 | Vaults:5 | Entered Level 5 of the Vaults
 46241 | Vaults:4 | Reached XP level 21. HP: 140/166 MP: 38/38
 46414 | Vaults:5 | Received a gift from Okawaru
 46419 | Vaults:5 | Noticed an ancient lich
 46422 | Vaults:5 | Noticed Jory
 46438 | Vaults:5 | Killed an ancient lich
 46447 | Vaults:5 | HP: 4/250 [Jory/crystal spear (105)]
 46447 | Vaults:5 | Demolished by a stone giant

Skill      XL: |  1  2  3  4  5  6  7  8  9 10 11 12 13 14 15 16 17 18 19 20 |
---------------+-------------------------------------------------------------+-----
Invocations    | 1 2 3 4 5 6 7 8 9 10 11 12 13 14 | 14.8
Short Blades   | 1 2 3 4 5 6 7 8 9 10 11 12 13 | 13.7
Long Blades    | 1 2 3 4 5 6 7 8 9 10 11 12 13 | 13.7
Maces & Flails | 1 2 3 4 5 6 7 8 9 10 11 12 13 | 13.7
Polearms       | 1 2 3 4 5 6 7 8 9 10 11 12 13 | 13.7
Staves         | 1 2 3 4 5 6 7 8 9 10 11 12 13 | 13.7
Slings         | 1 2 3 4 5 6 7 8 9 10 11 12 13 | 13.7
Bows           | 1 2 3 4 5 6 7 8 9 10 11 12 13 | 13.7
Crossbows      | 1 2 3 4 5 6 7 8 9 10 11 12 13 | 13.7
Throwing       | 1 2 3 4 5 6 7 8 9 10 11 12 13 | 13.7
Dodging        | 1 2 3 4 5 6 7 8 9 10 11 12 13 | 13.7
Stealth        | 1 2 3 4 5 6 7 8 9 10 11 12 13 | 13.7
Unarmed Combat | 1 2 3 4 5 6 7 8 9 10 11 12 13 | 13.7
Spellcasting   | 1 2 3 4 5 6 7 8 9 10 11 12 13 | 13.7
Evocations     | 1 2 3 4 5 6 7 8 9 10 11 12 13 | 13.7
Conjurations   | 1 2 3 4 5 6 7 8 9 10 11 | 11.8
Hexes          | 1 2 3 4 5 6 7 8 9 10 11 | 11.8
Charms         | 1 2 3 4 5 6 7 8 9 10 11 | 11.8
Summonings     | 1 2 3 4 5 6 7 8 9 10 11 | 11.8
Necromancy     | 1 2 3 4 5 6 7 8 9 10 11 | 11.8
Translocations | 1 2 3 4 5 6 7 8 9 10 11 | 11.8
Transmutations | 1 2 3 4 5 6 7 8 9 10 11 | 11.8
Fire Magic     | 1 2 3 4 5 6 7 8 9 10 11 | 11.8
Ice Magic      | 1 2 3 4 5 6 7 8 9 10 11 | 11.8
Air Magic      | 1 2 3 4 5 6 7 8 9 10 11 | 11.8
Earth Magic    | 1 2 3 4 5 6 7 8 9 10 11 | 11.8
Poison Magic   | 1 2 3 4 5 6 7 8 9 10 11 | 11.8
Axes           | 5 6 7 8 9 10 11 12 13 14 | 14.3
Fighting       | 7 8 9 10 11 12 13 14 | 14.9
Armour         | 7 8 9 10 11 12 13 14 | 14.9
Shields        | 7 8 9 10 11 12 13 14 | 14.9

Action                   |  1- 3 |  4- 6 |  7- 9 | 10-12 | 13-15 | 16-18 | 19-21 || total
-------------------------+-------+-------+-------+-------+-------+-------+-------++-------
Melee: War axe           |    73 |    68 |   346 |       |       |       |       ||   487
       Bite              |     6 |     9 |    57 |   339 |   290 |   263 |   317 ||  1281
       Hand axe          |       |       |    89 |  1540 |       |       |       ||  1629
       Flail             |       |       |       |    38 |  1213 |   235 |       ||  1486
       Falchion          |       |       |       |       |    82 |  1016 |  1238 ||  2336
       Trident           |       |       |       |       |    12 |       |       ||    12
Throw: Tomahawk          |       |     4 |       |    40 |    77 |   160 |    28 ||   309
       Javelin           |       |     2 |    18 |    31 |    75 |   206 |    61 ||   393
 Cast: Throw Flame       |       |       |       |       |       |    46 |     2 ||    48
       Dazzling Spray    |       |       |       |       |       |    33 |     1 ||    34
       Blink             |       |       |       |       |       |     9 |     1 ||    10
       Searing Ray       |       |       |       |       |       |     2 |       ||     2
       Flame Tongue      |       |       |       |       |       |    10 |     1 ||    11
       Animate Skeleton  |       |       |       |       |       |     4 |    18 ||    22
       Mephitic Cloud    |       |       |       |       |       |     1 |    16 ||    17
Invok: Heroism           |       |       |     1 |    35 |    33 |    34 |    16 ||   119
       Finesse           |       |       |       |     5 |     3 |     2 |     2 ||    12
Evoke: Wand              |       |       |       |     2 |    35 |    30 |     3 ||    70
  Use: Potion            |       |     2 |     1 |     9 |     1 |    16 |     2 ||    31
       Scroll            |       |       |    12 |     9 |    16 |     9 |     9 ||    55
 Stab: Invisible         |       |       |       |       |       |     3 |     1 ||     4
       Distracted        |       |       |       |       |       |     2 |     1 ||     3
       Confused          |       |       |       |       |       |     1 |    15 ||    16
  Eat: Chunk             |     1 |     1 |    10 |    16 |    14 |    11 |    12 ||    65
       Ration            |       |       |     1 |     7 |     7 |     8 |     5 ||    28
Armor: Scale mail        |    16 |       |       |       |       |       |       ||    16
       Plate armour      |    11 |    21 |   232 |   406 |    10 |       |       ||   680
       Crystal plate arm |       |       |       |   161 |   548 |   702 |   312 ||  1723
       Skin              |       |       |       |    21 |     1 |       |     5 ||    27
Dodge: Dodged            |    16 |    12 |   118 |   377 |   430 |   571 |   231 ||  1755
Block: Shield            |    42 |    42 |   268 |   875 |   837 |   393 |       ||  2457
       Large shield      |       |       |       |       |       |  1049 |  1320 ||  2369
       Rpst.: Falchion   |       |       |       |       |     3 |    54 |    41 ||    98
